 Dungeon Crawl Stone Soup version 0.28.0-53-g5a82cb258f (webtiles) character file.

Game seed: 3221610612589815369

167 issech the Chopper (level 5, -3/47 HPs)
             Began as a Minotaur Monk on May 22, 2022.
             Slain by Grinder (5 damage)
             ... on level 3 of the Dungeon.
             The game lasted 00:07:18 (3155 turns).

issech the Chopper (Minotaur Monk)                  Turns: 3155, Time: 00:07:19

Health: -3/47      AC:  3    Str: 16    XL:     5   Next: 23%
Magic:  4/4        EV: 12    Int:  7    God:
Gold:   62         SH:  3    Dex: 14    Spells: 4/4 levels left

rFire   . . .      SeeInvis .   a - +0 hand axe
rCold   . . .      Faith    .   k - +0 buckler
rNeg    . . .      Spirit   .   q - +0 leather armour
rPois   .          Reflect  .   (helmet restricted)
rElec   .          Harm     .   (no cloak)
rCorr   .          Rampage  .   (no gloves)
Will    .....                   (no boots)
Stlth   ++........              (no amulet)
HPRegen 0.15/turn               (no ring)
MPRegen 0.09/turn               (no ring)

@: no status effects
A: horns 2, retaliatory headbutt
a: no special abilities


You were on level 3 of the Dungeon.
You visited 1 branch of the dungeon, and saw 3 of its levels.

You collected 62 gold pieces.

Inventory:

Hand Weapons
 a - a +0 hand axe (weapon)
 i - a +0 short sword
 m - a +1 dagger of electrocution
 r - a +0 mace
Missiles
 c - 12 sling bullets
 g - 55 bolts
 l - 45 stones (quivered)
 t - 5 large rocks
Armour
 b - a +0 robe
 k - a +0 buckler (worn)
 q - a +0 leather armour (worn)
Jewellery
 j - a ring of ice
Scrolls
 e - 2 scrolls of torment {unknown}
 f - a scroll of fear {unknown}
 n - a scroll of noise {unknown}
 o - a scroll of magic mapping {unknown}
 s - 2 scrolls of identify {unknown}
 u - a scroll of immolation {unknown}
Potions
 d - a potion of berserk rage {unknown}
 h - a potion of heal wounds
 p - a potion of might {unknown}


   Skills:
 + Level 4.5 Fighting
 + Level 5.2 Axes
 + Level 0.4 Armour
 + Level 4.2 Dodging
 + Level 2.3 Stealth
 + Level 0.3 Shields


You had 4 spell levels left.
You didn't know any spells.
Your spell library was empty.

Dungeon Overview and Level Annotations

Branches:
Dungeon (3/15)

Altars:

Annotations:
D:3 Grinder


Innate Abilities, Weirdness & Mutations

You have a pair of horns on your head.
You reflexively headbutt those who attack you in melee.


Message History

Grinder is moderately wounded.
Grinder gestures at you.
You suddenly lose the ability to move!
Grinder hits you.
You writhe in agony.
Grinder hits you. Grinder hits you.
* * * LOW HITPOINT WARNING * * *
Grinder hits you but does no damage.
You can move again.
You hit Grinder.
Grinder is moderately wounded.
Grinder gestures at you. You resist with significant effort.
Grinder gestures at you. Pain shoots through your body!
* * * LOW HITPOINT WARNING * * *
You hit Grinder. Your headbutt misses Grinder.
Grinder is heavily wounded.
Grinder hits you.
* * * LOW HITPOINT WARNING * * *
You writhe in agony.
* * * LOW HITPOINT WARNING * * *
Unknown command.
You hit Grinder. You headbutt Grinder.
Grinder is heavily wounded.
Grinder misses you.
Unknown command.
You hit Grinder.
Grinder is severely wounded.
Grinder barely misses you. You furiously retaliate!
You headbutt Grinder.
Unknown command.
You barely miss Grinder.
Grinder is severely wounded.
Grinder drinks a potion.
Grinder is healed!
Unknown command.
You barely miss Grinder.
Grinder is moderately wounded.
Grinder says, "Don't move a muscle."
Grinder hits you.
You die...

####### ###
##.....#....
###...........
#...5.#.....#
#...##5#.# #.5##@8.#
8. ##.####.## #.# ##
#######..#.#.#.# #.#
#.# # ........#.⌠.#
#.8.# #.8 .#
#.....#..#.#.# #.###.#
..#
#.⌠...##.####.#.#.#.##
#.# #....
##.##.♣.###.⌠.##.#
##...
##.##.#.#.#.##..# #.#
##..#.....#..#.#


You could see Grinder.

Vanquished Creatures
  A bullfrog skeleton (D:2)
  2 orc wizards
  2 adders (D:2)
  3 worms (D:2)
  2 dart slugs
  3 orcs
  3 ball pythons
  6 bats
  4 endoplasms
  2 giant cockroaches (D:1)
  5 goblins
  6 hobgoblins
  4 jackals (D:3)
  5 kobolds
  A quokka (D:1)
  3 frilled lizards
  3 rats (D:1)
55 creatures vanquished.

Notes
Turn   | Place    | Note
-------+----------+-------------------------------------------
     0 | D:1      | issech the Minotaur Monk began the quest for the Orb.
     0 | D:1      | Reached XP level 1. HP: 19/19 MP: 0/0
   432 | D:1      | Reached XP level 2. HP: 14/27 MP: 1/1
   690 | D:1      | Reached skill level 4 in Axes
   744 | D:1      | Found a faded altar of an unknown god.
   958 | D:1      | Reached XP level 3. HP: 26/33 MP: 2/2
  1910 | D:2      | Reached XP level 4. HP: 12/40 MP: 3/3
  2224 | D:2      | Reached skill level 5 in Axes
  2365 | D:2      | Reached XP level 5. HP: 41/47 MP: 4/4
  3117 | D:3      | Noticed Grinder
  3145 | D:3      | Paralysed by Grinder for 5 turns
  3151 | D:3      | HP: 1/47 [Grinder (5)]
  3155 | D:3      | Slain by Grinder

Illustrated notes

Levels and vault maps discovered:
D:1:      evilmike_arrival_hilbert_curve, layout_basic,
          dilly_ecumenical_altar_fadedgnrine, grunt_decor_resistance
D:2:      layout_basic
D:3:      layout_basic, st_stairs_8, hangedman_feature_mirror,
          supply_closet_lemuel, corner_web_ring, grunt_decor_mini_mirrors,
          uniq_grinder

Skill      XL: |  1  2  3  4 |
---------------+-------------+-----
Fighting       | 4 |  4.5
Axes           | 4 5 |  5.2
Dodging        | 4 |  4.2
Stealth        | 2 |  2.3
Armour         | |  0.4
Shields        | |  0.3

Action                   |  1- 3 |  4- 6 || total
-------------------------+-------+-------++-------
Melee: Hand axe          |    89 |    60 ||   149
       Headbutt          |    13 |    15 ||    28
Throw: Stone             |       |     1 ||     1
 Stab: Sleeping          |     2 |     2 ||     4
Armor: Robe              |    15 |     3 ||    18
       Leather armour    |       |     4 ||     4
Dodge: Dodged            |    60 |    26 ||    86
Block: Buckler           |     6 |     7 ||    13
